 Dungeon Crawl Stone Soup version 0.25.1-3-ge44b62a0b3 (webtiles) character file.

Game seed: 459513027940000989

69678 BledDest the Spear-Bearer (level 14, -5/157 HPs)
             Began as a Demonspawn Artificer on Nov 20, 2020.
             Was the Champion of Okawaru.
             Slain by a two-headed ogre
             ... wielding a +0 giant spiked club
              (13 damage)
             ... on level 14 of the Dungeon.
             The game lasted 01:00:50 (25239 turns).

BledDest the Spear-Bearer (Demonspawn Artificer)   Turns: 25239, Time: 01:00:50

Health: -5/157     AC: 24    Str: 18    XL:     14   Next: 91%
Magic:  0/30       EV: 12    Int: 12    God:    Okawaru [******]
Gold:   1845       SH:  8    Dex: 14    Spells: 13/13 levels left

rFire    . . .     SeeInvis .   K - +2 demon trident (protect)
rCold    . . .     Gourm    .   M - +1 buckler {reflect}
rNeg     . . .     Faith    .   i - +1 troll leather armour {Snorg}
rPois    +         Spirit   +   (helmet unavailable)
rElec    .         Reflect  +   u - +2 cloak {MR+}
rCorr    .         Harm     .   X - +0 pair of gloves {archery}
MR       ++...                  y - +0 pair of boots
Stlth    ..........             L - amulet of guardian spirit
HPRegen  0.76/turn              C - +4 ring of protection
MPRegen  0.22/turn              e - ring "Ehovopn" {rPois MP+9}

@: berserking, protection aura, lightly drained, very quick
A: horns 3, thin metallic scales 2, demonic guardian 2, powered by death 2
a: Heroism, Finesse, Renounce Religion


You were on level 14 of the Dungeon.
You worshipped Okawaru.
Okawaru was exalted by your worship.
You were not hungry.

You visited 4 branches of the dungeon, and saw 22 of its levels.
You also visited: Sewer, Bailey and Gauntlet.

You collected 2025 gold pieces.
You spent 180 gold pieces at shops.

Inventory:

Hand Weapons
 z - the +4 spear "Nanoloa" {vamp, rF+ Str+4}
   (Okawaru gifted it to you on level 6 of the Lair of Beasts)

   It inflicts no extra harm, but heals its wielder when it wounds a living foe.
   It affects your strength (+4).
   It protects you from fire.
 K - a +2 demon trident of protection (weapon)
Missiles
 l - 47 poisoned darts (quivered)
 U - 21 silver javelins
Armour
 a - a +0 kite shield of reflection
 i - a +1 troll leather armour (worn) {Snorg}
 u - a +2 cloak of magic resistance (worn)
 y - a +0 pair of boots (worn)
 D - a +2 cloak of preservation
 F - a +0 robe of resistance
 M - a +1 buckler of reflection (worn)
 X - a +0 pair of gloves of archery (worn)
Jewellery
 e - the ring "Ehovopn" (right hand) {rPois MP+9}
   (You found it on level 6 of the Lair of Beasts)

   [ring of poison resistance]

   It protects you from poison.
   It affects your magic capacity (+9).
 n - an uncursed ring of resist corrosion
 r - a +6 ring of dexterity
 C - a +4 ring of protection (left hand)
 H - an uncursed ring of protection from fire
 I - an uncursed ring of see invisible
 J - an uncursed ring of positive energy
 L - an amulet of guardian spirit (around neck)
Wands
 d - a wand of enslavement (15)
 g - a wand of iceblast (16)
 k - a wand of paralysis (15)
 s - a wand of polymorph (15)
 x - a wand of acid (27)
 N - a wand of digging (5)
 R - a wand of flame (46)
Scrolls
 b - a scroll of enchant weapon
 t - 3 scrolls of enchant armour
 A - a scroll of blinking
 B - 9 scrolls of teleportation
 P - a scroll of identify
 S - 4 scrolls of amnesia
 T - 2 scrolls of fear
 W - 2 scrolls of fog
 Y - a scroll of remove curse
Potions
 c - 11 potions of curing
 j - a potion of ambrosia
 m - 6 potions of lignification
 o - 4 potions of brilliance
 p - 2 potions of cancellation
 q - 4 potions of heal wounds
 v - 7 potions of magic
 w - 4 potions of mutation
 E - 4 potions of flight
 O - 3 potions of resistance
 Q - 3 potions of haste
 V - 2 potions of might
 Z - a potion of berserk rage
Comestibles
 f - 49 rations


   Skills:
 - Level 8.0(7.8) Fighting
   Level 0.8(0.7) Short Blades
 - Level 13.9(14.8) Polearms
   Level 10.0(12.9) Staves
 - Level 1.7(1.6) Dodging
 - Level 0.8(0.7) Stealth
 + Level 13.3(13.1) Shields
 - Level 10.0(9.8) Evocations


You had 13 spell levels left.
You didn't know any spells.
Your spell library contained the following spells:

 Spells                   Type           Power        Failure   Level  Hunger
 Corona                   Hex            #......      36%         1    ##.....
 Foxfire                  Conj/Fire      #...         36%         1    ##.....
 Infusion                 Chrm           #...         36%         1    ##.....
 Magic Dart               Conj           #...         36%         1    ##.....
 Summon Small Mammal      Summ           #...         36%         1    ##.....
 Blink                    Tloc           N/A          52%         2    ###....
 Call Imp                 Summ           #.......     52%         2    ###....
 Ensorcelled Hibernation  Hex/Ice        #.....       52%         2    ###....
 Shroud of Golubria       Chrm/Tloc      #.....       52%         2    ###....
 Slow                     Hex            #.......     52%         2    ###....
 Song of Slaying          Chrm           #.......     52%         2    ###....
 Call Canine Familiar     Summ           #.......     75%         3    ####...
 Conjure Flame            Conj/Fire      #.......     75%         3    ####...
 Inner Flame              Hex/Fire       #.......     75%         3    ####...
 Mephitic Cloud           Conj/Pois/Air  #.......     75%         3    ####...
 Ozocubu's Armour         Chrm/Ice       #.......     75%         3    ####...
 Portal Projectile        Hex/Tloc       #.....       75%         3    ####...
 Spectral Weapon          Hex/Chrm       #.......     75%         3    ####...
 Summon Guardian Golem    Hex/Summ       #.......     75%         3    ####...
 Cause Fear               Hex            #.........   98%         4    #####..
 Leda's Liquefaction      Hex/Erth       #.........   98%         4    #####..
 Sticky Flame             Conj/Fire      #.......     98%         4    #####..
 Summon Ice Beast         Ice/Summ       #.......     98%         4    #####..
 Summon Lightning Spire   Summ/Air       #.......     98%         4    #####..
 Borgnjor's Vile Clutch   Necr/Erth      #.........   100%        5    ######.
 Fireball                 Conj/Fire      #.........   100%        5    ######.
 Silence                  Hex/Air        #.........   100%        5    ######.
 Darkness                 Hex            #.........   100%        6    #######
 Shadow Creatures         Summ           N/A          100%        6    #######


Dungeon Overview and Level Annotations

Branches:
Dungeon (14/15)            Temple (1/1) D:7            Lair (6/6) D:11
 Shoals (0/4) Lair:4        Snake (0/4) Lair:3        Slime (0/5) Lair:5
    Orc (1/2) D:9           Sewer (visited)          Bailey (visited)
Gauntlet (visited)
 Vaults: D:13-14

Altars:
Ashenzari
Cheibriados
Dithmenos
Elyvilon
Fedhas
Gozag
Hepliaklqana
Kikubaaqudgha
Makhleb
Nemelex Xobeh
Okawaru
Qazlal
Ru
Sif Muna
Trog
Uskayaw
Vehumet
Wu Jian
Xom
Yredelemnul
Zin
The Shining One
Jiyva

Shops:
D:5 (   D:8 *   D:10 [   D:13 (

Annotations:
D:14 Jorgrun


Innate Abilities, Weirdness & Mutations

You have a pair of large horns on your head.
You are mostly covered in thin metallic scales. (AC +3)
A demonic guardian rushes to your aid.
You regenerate health from kills.


Message History

You barely miss Jorgrun. Your headbutt misses Jorgrun.
Jorgrun is heavily wounded.
You block Jorgrun's attack.
You hit Jorgrun but do no damage.
Jorgrun is heavily wounded.
Your ice devil barely misses Jorgrun.
You block the two-headed ogre's attack.
The two-headed ogre hits you with a cursed -3 giant club!
* * * LOW HITPOINT WARNING * * *
You miss Jorgrun.
Jorgrun is heavily wounded.
You miss Jorgrun.
Jorgrun is heavily wounded.
Jorgrun hits you but does no damage.
Your ice devil hits Jorgrun but does no damage.
You puncture Jorgrun! You headbutt Jorgrun!
Jorgrun is severely wounded.
You puncture Jorgrun! Your headbutt misses Jorgrun.
Jorgrun is almost dead.
The two-headed ogre hits you with a +0 giant spiked club!
You die...

#............^)(......
#.....................
#..(..................
....................
.................... #
.##################.
####. #.
......##################.
.......O@...?............
......4g.................
##+#.####################
#


You could see Jorgrun, a two-headed ogre and a friendly ice devil (summoned).

Vanquished Creatures
  Rupert (D:13)
  Frances (D:13)
  Azrael (D:13)
  A minotaur (Gauntlet)
  Snorg (D:10)
  An ettin (D:11)
  5 hydras
  A catoblepas (Lair:6)
  A centaur warrior (D:12)
  5 death yaks (Lair:6)
  2 tengu warriors
  Sonja (D:10)
  A fire crab (Lair:6)
  A sixfirhy (Gauntlet)
  A deep troll (shapeshifter) (D:13)
  2 unseen horrors
  2 lindwurms (Lair:6)
  Pikel (D:5)
  2 orc knights (D:9)
  A deep elf mage (D:12)
  2 ugly things (D:13)
  3 cyclopes
  4 elephants
  A moth of wrath (Gauntlet)
  2 merfolk sirens (Lair:4)
  5 black mambas
  Maurice (D:10)
  4 gargoyles
  2 torpor snails (Lair:6)
  2 centaur skeletons (D:10)
  10 spiny frogs
  2 rime drakes
  A tengu conjurer (D:11)
  4 komodo dragons
  A troll (D:13)
  A merfolk (Lair:4)
  Prince Ribbit (D:5)
  A blink frog (shapeshifter) (D:7)
  9 polar bears
  4 dream sheep
  Grinder (D:5)
  4 blink frogs
  5 hippogriffs
  2 raiju
  A wyvern (Lair:2)
  2 shadows
  3 redbacks (Gauntlet)
  A fire elemental (D:13)
  A redback (shapeshifter) (D:11)
  22 yaks
  3 wraiths
  2 basilisks
  A steam dragon (Gauntlet)
  2 hungry ghosts
  3 wargs (Lair:6)
  An acid dragon (D:11)
  20 hell hounds
  16 water moccasins
  10 orc warriors
  7 porcupines
  A sky beast (D:11)
  Purgy (Sewer)
  4 ice beasts
  11 black bears
  An eye of draining (D:7)
  A slave (D:5)
  4 phantoms
  11 ogres
  14 wolves
  10 crocodiles
  5 centaurs
  4 big kobolds
  8 bullfrogs
  A wyvern skeleton (D:14)
  A scorpion (D:9)
  9 killer bees
  11 wights
  3 howler monkeys (D:11)
  6 crimson imps
  4 bullfrog zombies
  2 centaur zombies
  5 quasits
  4 hounds
  3 jellies
  2 bullfrog skeletons
  9 orc priests
  Crazy Yiuf (D:4)
  15 orc wizards
  5 iguanas
  Ijyb (D:3)
  5 worker ants
  2 hound zombies
  4 hound skeletons
  A worker ant zombie (D:6)
  17 adders
  17 gnolls
  A river rat (D:5)
  6 shadow imps
  3 ufetubi (Gauntlet)
  2 oozes
  An adder skeleton (D:3)
  A worm (D:3)
  A dart slug (D:3)
  7 leopard geckos
  69 orcs
  8 bats
  5 giant cockroaches
  7 goblins
  17 hobgoblins
  6 jackals
  14 kobolds
  5 quokkas
  5 ball pythons
  12 frilled lizards
  A quokka zombie (D:6)
  8 rats
  A plant (Lair:5)
582 creatures vanquished.

Vanquished Creatures (collateral kills)
  A dire elephant (Lair:6)
  Josephine (D:14)
  6 hydras
  Harold (Lair:2)
  2 centaur warriors
  4 death yaks (Lair:6)
  Urug (D:10)
  Nergalle (Lair:2)
  A phantasmal warrior (D:11)
  An orc knight (D:10)
  A wolf spider (Gauntlet)
  An ugly thing (D:11)
  4 elephants
  A black mamba (Lair:6)
  A merfolk siren (Lair:4)
  A spiny frog (Lair:2)
  A komodo dragon (Lair:6)
  A rime drake (Lair:6)
  A freezing wraith (D:14)
  A polar bear (Lair:6)
  A troll (D:14)
  5 dream sheep
  3 blink frogs
  5 hippogriffs
  2 wraiths (D:14)
  11 yaks
  A fire elemental (D:13)
  A warg (Lair:6)
  2 water moccasins (Lair:2)
  A swamp drake (D:9)
  An ice beast (D:9)
  3 black bears (Lair:6)
  An eye of draining (D:7)
  A phantom (D:4)
  2 slaves (D:5)
  An ogre (D:6)
  4 wolves
  3 crocodiles
  A big kobold (D:7)
  A bullfrog zombie (D:13)
  2 crimson imps
  An orc wizard (D:11)
  A gnoll shaman (D:10)
  2 orc priests
  An adder (D:11)
  2 gnolls
  An ufetubus (Gauntlet)
  A dart slug (D:3)
  3 orcs
  A giant cockroach (D:5)
  3 goblins (D:7)
  A jackal skeleton (D:5)
101 creatures vanquished.

Vanquished Creatures (others)
  A hell hound (D:13)
  A slave (D:5)
  A bullfrog (D:7)
  A wight (D:7)
  An orc (D:9)
  A jackal (D:9)
  5 fungi
  13 plants
24 creatures vanquished.

Grand Total: 707 creatures vanquished

Notes
Turn   | Place    | Note
-------+----------+-------------------------------------------
     0 | D:1      | BledDest the Demonspawn Artificer began the quest for the
                  | Orb.
     0 | D:1      | Reached XP level 1. HP: 15/15 MP: 3/3
   601 | D:1      | Gained mutation: A weak demonic guardian rushes to your
                  | aid. [demonic ancestry]
   601 | D:1      | Reached XP level 2. HP: 9/22 MP: 4/4
  2250 | D:2      | Reached XP level 3. HP: 26/29 MP: 5/5
  2426 | D:2      | Found a hide-covered altar of Uskayaw.
  3962 | D:3      | Gained mutation: You are partially covered in thin metallic
                  | scales. (AC +2) [demonic ancestry]
  3962 | D:3      | Reached XP level 4. HP: 13/37 MP: 6/6
  4797 | D:3      | Found a burning altar of Makhleb.
  4812 | D:3      | Noticed Ijyb
  4832 | D:3      | Killed Ijyb
  4832 | D:3      | Reached skill level 5 in Fighting
  4832 | D:3      | Reached XP level 5. HP: 44/44 MP: 7/7
  4978 | D:4      | Noticed a phantom
  5361 | D:4      | Found a runed translucent door.
  5362 | D:4      | Noticed Crazy Yiuf
  5366 | D:4      | Killed Crazy Yiuf
  5448 | D:4      | Killed a phantom
  5448 | D:4      | Reached skill level 1 in Staves
  5448 | D:4      | Gained mutation: You regenerate a little health from kills.
                  | [demonic ancestry]
  5448 | D:4      | Reached XP level 6. HP: 37/52 MP: 8/8
  5783 | D:4      | Found a glowing golden altar of the Shining One.
  5866 | D:4      | Found a shadowy altar of Dithmenos.
  6195 | D:5      | Entered Level 5 of the Dungeon
  6195 | D:5      | Noticed a slave
  6212 | D:5      | Noticed Grinder
  6219 | D:5      | Gained mutation: You have a pair of small horns on your
                  | head. [demonic ancestry]
  6219 | D:5      | Reached XP level 7. HP: 36/59 MP: 9/9
  6238 | D:5      | Killed Grinder
  6252 | D:5      | Found a glowing drain.
  6269 | Sewer    | Entered a sewer
  6344 | Sewer    | Noticed Purgy
  6354 | Sewer    | Killed Purgy
  6525 | D:5      | Noticed Pikel
  6546 | D:5      | Killed Pikel
  6546 | D:5      | Gained mutation: You have a pair of horns on your head.
                  | [demonic ancestry]
  6546 | D:5      | Reached XP level 8. HP: 61/67 MP: 10/10
  6640 | D:5      | Found Inairouv's Weapon Shop.
  6769 | D:5      | Noticed Prince Ribbit
  6806 | D:5      | Killed Prince Ribbit
  7677 | D:6      | Found a hazy altar of Hepliaklqana.
  7913 | D:6      | Gained mutation: You regenerate health from kills. [demonic
                  | ancestry]
  7913 | D:6      | Reached XP level 9. HP: 74/74 MP: 11/11
  7923 | D:6      | Found a glowing golden altar of the Shining One.
  8064 | D:7      | Found a flagged portal.
  8070 | Bailey   | Entered a bailey
  8588 | D:7      | Found a staircase to the Ecumenical Temple.
  8595 | Temple   | Entered the Ecumenical Temple
  8659 | Temple   | Became a worshipper of Warmaster Okawaru
  8912 | D:7      | Found a bloodstained altar of Trog.
  8920 | D:7      | Reached * piety under Okawaru
  8935 | D:7      | Reached skill level 10 in Staves
  9267 | D:7      | Reached skill level 5 in Evocations
  9295 | D:8      | Got a dazzling great sword
  9298 | D:8      | Identified the +3 great sword of the Madman {antimagic,
                  | *Drain Str-4 Dex+8 Stlth+} (You found it on level 8 of the
                  | Dungeon)
  9321 | D:8      | Reached ** piety under Okawaru
  9549 | D:8      | Gained mutation: A demonic guardian rushes to your aid.
                  | [demonic ancestry]
  9549 | D:8      | Reached XP level 10. HP: 60/80 MP: 14/14
  9797 | D:8      | Found an opulent altar of Gozag.
  9799 | D:8      | Found Gozag's Platinum Reserve.
 10033 | D:9      | Found a basalt altar of Yredelemnul.
 10183 | D:9      | Reached *** piety under Okawaru
 10366 | D:9      | Found a staircase to the Orcish Mines.
 10415 | D:9      | Was placed under penance by Okawaru
 10728 | D:9      | Noticed a centaur warrior
 10728 | D:9      | Noticed an orc knight
 10771 | D:10     | Entered Level 10 of the Dungeon
 10803 | D:10     | Noticed Urug
 10821 | D:10     | Killed Urug
 10947 | D:10     | Was forgiven by Okawaru
 10948 | D:10     | Noticed an orc knight
 10948 | D:10     | Noticed an orc knight
 11008 | D:9      | Killed an orc knight
 11673 | D:9      | Killed a centaur warrior
 11872 | D:9      | Killed an orc knight
 12015 | D:9      | Reached skill level 1 in Polearms
 12085 | D:9      | Noticed a two-headed hydra
 12099 | D:9      | Killed a two-headed hydra
 12099 | D:9      | Reached **** piety under Okawaru
 12099 | D:9      | Reached skill level 10 in Evocations
 12304 | D:10     | Killed an orc knight
 12590 | D:10     | Noticed Sonja
 12600 | D:10     | Reached XP level 11. HP: 86/86 MP: 18/18
 12605 | D:10     | Noticed Maurice
 12608 | D:10     | Killed Sonja
 12612 | D:10     | Killed Maurice
 12612 | D:10     | Reached skill level 5 in Polearms
 12662 | D:10     | Reached ***** piety under Okawaru
 12716 | D:10     | Found Arocrygi's Antique Armour Shop.
 12751 | D:10     | Bought a runed kite shield for 180 gold pieces
 12854 | D:10     | Noticed Snorg
 12861 | D:10     | Killed Snorg
 12861 | D:10     | Reached skill level 1 in Shields
 13043 | D:10     | Got a shimmering silver ring
 13123 | D:10     | Identified the ring "Wekuch" {+Inv +Fly rElec Int+5 Slay-2}
                  | (You found it on level 10 of the Dungeon)
 13594 | D:10     | Noticed an unseen horror
 13601 | D:10     | Killed an unseen horror
 13648 | D:11     | Identified a scroll of acquirement
 13648 | D:11     | Acquired 490 gold pieces
 13797 | D:11     | Received a gift from Okawaru
 13982 | D:11     | Found a staircase to the Lair.
 14197 | D:11     | Noticed a red ugly thing
 14205 | D:11     | Killed a red ugly thing
 14219 | D:11     | Found a runed translucent door.
 14251 | D:11     | Noticed an orb spider
 14251 | D:11     | a tarantella changed into an orb spider
 14254 | D:11     | an orb spider changed into a komodo dragon
 14267 | D:11     | Noticed a tengu warrior
 14282 | D:11     | Killed a tengu warrior
 14364 | D:11     | Received a gift from Okawaru
 14365 | D:11     | Noticed an ettin
 14377 | D:11     | Killed an ettin
 14377 | D:11     | Reached skill level 5 in Shields
 14385 | D:11     | Noticed a phantasmal warrior
 14392 | D:11     | Killed a phantasmal warrior
 14666 | D:11     | Received a gift from Okawaru
 14882 | Lair:1   | Entered Level 1 of the Lair of Beasts
 14938 | Lair:1   | Noticed a six-headed hydra
 14946 | Lair:1   | Killed a six-headed hydra
 14946 | Lair:1   | Gained mutation: You have a pair of large horns on your
                  | head. [demonic ancestry]
 14946 | Lair:1   | Reached XP level 12. HP: 91/92 MP: 19/19
 15644 | Lair:2   | Noticed an eight-headed hydra
 15664 | Lair:2   | Killed an eight-headed hydra
 15853 | Lair:2   | Noticed Nergalle
 15860 | Lair:2   | Killed Nergalle
 16012 | Lair:2   | Noticed Harold
 16019 | Lair:2   | Killed Harold
 16254 | Lair:2   | Noticed a four-headed hydra
 16258 | Lair:2   | Killed a four-headed hydra
 16624 | Lair:3   | Reached ****** piety under Okawaru
 16624 | Lair:3   | Reached skill level 10 in Polearms
 16726 | Lair:3   | Found a staircase to the Snake Pit.
 16735 | Lair:3   | Received a gift from Okawaru
 16736 | Lair:3   | Got a scorched dagger {god gift}
 16737 | Lair:3   | Identified the +6 dagger of Emasets {flame, rF+ Stlth+}
                  | (Okawaru gifted it to you on level 3 of the Lair of Beasts)
 16955 | Lair:3   | Found a hazy altar of Hepliaklqana.
 17362 | Lair:4   | Gained mutation: You are mostly covered in thin metallic
                  | scales. (AC +3) [demonic ancestry]
 17362 | Lair:4   | Reached XP level 13. HP: 98/98 MP: 20/20
 17457 | Lair:4   | Found a gate leading to a gauntlet.
 17466 | Gauntlet | Entered a Gauntlet
 17466 | Gauntlet | Found a transporter.
 17466 | Gauntlet | Found a transporter.
 17466 | Gauntlet | Found a transporter.
 17485 | Gauntlet | Found a transporter.
 17489 | Gauntlet | Found a transporter.
 17535 | Gauntlet | Found a transporter.
 17572 | Gauntlet | Found a transporter.
 17576 | Gauntlet | Found a transporter.
 17591 | Gauntlet | Found a transporter.
 17610 | Gauntlet | Found a transporter.
 17627 | Gauntlet | Found a transporter.
 17631 | Gauntlet | Found a transporter.
 17741 | Gauntlet | Reached skill level 10 in Shields
 18022 | Gauntlet | Noticed a minotaur
 18053 | Gauntlet | Killed a minotaur
 18053 | Gauntlet | Received a gift from Okawaru
 18897 | Lair:4   | Found a staircase to the Shoals.
 19248 | Lair:5   | Found a staircase to the Slime Pits.
 19249 | Lair:5   | Found a viscous altar of Jiyva.
 19348 | Lair:5   | Received a gift from Okawaru
 20052 | Lair:6   | Entered Level 6 of the Lair of Beasts
 20959 | Lair:6   | Noticed a dire elephant
 21019 | Lair:6   | Killed a dire elephant
 21030 | Lair:6   | Reached XP level 14. HP: 55/105 MP: 17/21
 21416 | Lair:6   | Received a gift from Okawaru
 21506 | Lair:6   | Got a slimy spear {god gift}
 21507 | Lair:6   | Identified the +4 spear "Nanoloa" {vamp, rF+ Str+4}
                  | (Okawaru gifted it to you on level 6 of the Lair of Beasts)
 22291 | Lair:6   | Got a masterwork cloak
 22302 | Lair:6   | Identified the cursed +0 cloak "Henwiz" {+Fly rPois Dex+3}
                  | (You found it on level 6 of the Lair of Beasts)
 22307 | Lair:6   | Got a heavily runed brass ring
 22309 | Lair:6   | Identified the ring "Ehovopn" {rPois MP+9} (You found it on
                  | level 6 of the Lair of Beasts)
 22639 | Orc:1    | Entered Level 1 of the Orcish Mines
 22899 | D:12     | Received a gift from Okawaru
 23903 | D:13     | Noticed Rupert
 23916 | D:13     | Killed Rupert
 23955 | D:13     | Noticed Azrael
 24009 | D:13     | HP: 4/105 [something/fireball (11)]
 24163 | D:13     | Killed Azrael
 24254 | D:13     | Found Dalulomo's Antique Weapon Emporium.
 24308 | D:13     | Received a gift from Okawaru
 24473 | D:13     | Noticed Frances
 24506 | D:13     | Killed Frances
 24684 | D:13     | Found a shimmering altar of Xom.
 24687 | D:13     | Found a shimmering altar of Xom.
 24688 | D:13     | Found a shimmering altar of Xom.
 24948 | D:14     | Noticed Josephine
 24956 | D:14     | Killed Josephine
 25220 | D:14     | Noticed Jorgrun
 25235 | D:14     | HP: 7/157 [two-headed ogre/+0 giant spiked club (14)]
 25239 | D:14     | Slain by a two-headed ogre

Illustrated notes

Levels and vault maps discovered:
D:1:      dpeg_arrival_water_fire, layout_basic, minmay_misc_feat_chi
D:2:      layout_basic, eat_drink_and_be_merry_uskayaw
D:3:      layout_rooms, marbit_many_paths, uniq_ijyb
D:4:      layout_basic, nicolae_dithmenos_through_a_glass_darkly,
          lemuel_round_altar, kennysheep_generic_room_2, uniq_crazy_yiuf_cottage
D:5:      layout_cave_pools, serial_shops, shop, first_ration,
          portal_sewer_entry_b, chequers_jeans, uniq_grinder, uniq_pikel,
          uniq_prince_ribbit1
D:6:      layout_loops_ring, nicolae_overflow_crystal_walls, tso_altar
D:7:      layout_rooms, trog_eyes_of_draining, minmay_temple_entry_mini_moons,
          enter_bailey_3
D:8:      layout_loops_ring, nicolae_gozag_zags_fifth_avenue
D:9:      layout_stronghold, overflow_temple_1_default, erik_orc_1,
          hangedman_ranch [blue_anna_fruit_fields]
D:10:     layout_roguey, serial_shops, shop_fountains, uniq_sonja, uniq_urug,
          uniq_maurice, uniq_snorg
D:11:     layout_roguey, david_lair_generic, serial_curves, eino_curves_03,
          eino_curves_02, eino_curves_04, minivault_13
D:12:     layout_basic, kennysheep_boxes
D:13:     layout_long_grid, serial_shops, shop, xom_shifter_show, uniq_frances,
          uniq_azrael, uniq_rupert
D:14:     layout_long_grid, david_vaults_1, serial_bayou_lagoon_a,
          gammafunk_ghost_abyssal_escape, uniq_kirke, uniq_josephine,
          uniq_jorgrun
Temple:   nicolae_temple_great_sept
Lair:1:   layout_loops_ring, infiniplex_staircase_pool
Lair:2:   layout_regular_city, beast_lair_carwin_6, uniq_harold, uniq_nergalle
Lair:3:   layout_chaotic_city, minmay_snake_entry_six_corridors, basic_altar,
          chequers_serial_rivers_micro_d, lemuel_fruit_tree
Lair:4:   layout_long_grid, elwin_shoals_entry_stream, gauntlet_entry_generic
Lair:5:   layout_gridlike, slime_altar_1, serial_rivers,
          chequers_serial_rivers_micro_e, chequers_serial_rivers_small_a,
          chequers_serial_rivers_room_a, chequers_serial_rivers_small_3,
          chequers_serial_rivers_large_a, chequers_serial_rivers_small_b
Lair:6:   hangedman_lair_caniforms_friends, layout_gridlike,
          hangedman_lair_in_review, grunt_megastairs_5
Orc:1:    layout_caves

Skill      XL: |  1  2  3  4  5  6  7  8  9 10 11 12 13 14 |
---------------+-------------------------------------------+-----
Fighting       | 2 3 4 5 6 7 8 |  8.0
Staves         | 1 3 6 7 10 | 10.0
Evocations     | 5 10 | 10.0
Polearms       | 3 8 10 12 13 | 13.9
Shields        | 5 9 11 13 | 13.3
Short Blades   | |  0.8
Dodging        | |  1.7
Stealth        | |  0.8

Action                   |  1- 3 |  4- 6 |  7- 9 | 10-12 | 13-15 || total
-------------------------+-------+-------+-------+-------+-------++-------
Melee: Spear             |   339 |    49 |       |       |       ||   388
       Halberd           |       |    29 |       |       |       ||    29
       Quarterstaff      |       |    50 |   314 |   129 |       ||   493
       Headbutt          |       |       |    69 |   161 |   220 ||   450
       Demon trident     |       |       |       |   617 |  1048 ||  1665
Throw: Dart              |       |    12 |     4 |       |       ||    16
Evoke: Wand              |    13 |    11 |     2 |    10 |     5 ||    41
  Use: Scroll            |     6 |     5 |     4 |    14 |    10 ||    39
       Potion            |       |       |     1 |       |     3 ||     4
 Stab: Sleeping          |     3 |     1 |     3 |    11 |     3 ||    21
       Confused          |       |     1 |       |       |       ||     1
       Paralysed         |       |       |     3 |       |       ||     3
       Petrifying        |       |       |     2 |       |       ||     2
       Distracted        |       |       |     1 |     6 |     3 ||    10
       Held in net/web   |       |       |       |     1 |       ||     1
  Eat: Chunk             |     9 |     8 |    11 |    18 |    25 ||    71
       Ration            |       |       |       |     2 |     1 ||     3
Armor: Leather armour    |    81 |    32 |       |       |   120 ||   233
       Ring mail         |       |    20 |    18 |       |       ||    38
       Robe              |       |       |   106 |   132 |       ||   238
       Troll leather arm |       |       |       |   124 |   189 ||   313
Dodge: Dodged            |   254 |    70 |   221 |   246 |   314 ||  1105
Block: Kite shield       |       |       |       |    61 |       ||    61
       Reflection        |       |       |       |     2 |     9 ||    11
       Buckler           |       |       |       |    57 |   236 ||   293
